 Dungeon Crawl Stone Soup version 0.27-a0-1277-g3808f8b1c9 (webtiles) character file.

Game seed: 5916936673202770224

247 Glokmah the Poker (level 6, -2/36 HPs)
             Began as a Tengu Warper on June 12, 2021.
             Slain by an orc wizard (3 damage)
             ... on level 3 of the Dungeon.
             The game lasted 00:04:44 (3474 turns).

Glokmah the Poker (Tengu Warper)                    Turns: 3474, Time: 00:04:45

Health: -2/36      AC:  3    Str: 12    XL:     6   Next: 11%
Magic:  10/10      EV: 14    Int: 15    God:
Gold:   168        SH:  0    Dex: 13    Spells: 5/10 levels left

rFire    x . .     SeeInvis .   b - +0 dagger (venom)
rCold    + . .     Faith    .   (no shield)
rNeg     . . .     Spirit   .   l - +0 leather armour
rPois    .         Reflect  .   (helmet restricted)
rElec    .         Harm     .   (no cloak)
rCorr    +         Rampage  .   (no gloves)
Will     .....                  (boots unavailable)
Stlth    +.........             (no amulet)
HPRegen  0.12/turn              g - ring of resist corrosion
MPRegen  0.12/turn              m - ring of ice

@: flying quickly and evasively, quick
A: beak, talons 3, nimble flight
a: no special abilities


You were on level 3 of the Dungeon.
You visited 1 branch of the dungeon, and saw 3 of its levels.

You collected 168 gold pieces.

Inventory:

Hand Weapons
 a - a +0 spear
 b - a +0 dagger of venom (weapon)
Missiles
 e - 5 boomerangs of dispersal
 i - 15 poisoned darts (quivered)
Armour
 l - a +0 leather armour (worn)
Magical Staves
 o - a staff of fire
Jewellery
 g - a ring of resist corrosion (left hand)
 h - a ring of protection from fire
 m - a ring of ice (right hand)
 q - an amulet of faith
Wands
 n - a wand of iceblast (5)
Scrolls
 c - a scroll of teleportation {unknown}
 d - a scroll of blinking
 f - 2 scrolls of amnesia {unknown}
 j - 2 scrolls of enchant weapon {unknown}
 k - 3 scrolls of identify {unknown}
 s - a scroll of vulnerability {unknown}
 u - a scroll of fog {unknown}
Potions
 p - a potion of haste {unknown}
 r - a potion of flight {unknown}
 t - a potion of magic {unknown}
 v - a potion of cancellation {unknown}


   Skills:
 + Level 2.8 Fighting
 + Level 1.5 Short Blades
 + Level 4.0 Polearms
 - Level 1.0 Throwing
 + Level 2.3 Armour
 - Level 2.1 Dodging
 + Level 2.5 Spellcasting
 * Level 3.5 Translocations


You had 5 spell levels left.
You knew the following spells:

 Your Spells              Type           Power      Damage    Failure   Level
a - Blink                 Tloc           N/A        N/A       10%         2
b - Teleport Other        Tloc           12%        N/A       19%         3

Your spell library contained the following spells:

 Spells                   Type           Power      Damage    Failure   Level
 Gell's Gravitas          Tloc           6%         N/A       19%         3
 Lesser Beckoning         Tloc           6%         N/A       19%         3
 Manifold Assault         Tloc           12%        N/A       87%         5


Dungeon Overview and Level Annotations

Branches:
Dungeon (3/15)

Altars:


Innate Abilities, Weirdness & Mutations

You have a beak for a mouth.
You have claws for feet.
Your magical nature lets you fly swiftly and evasively.


Message History

You hit the orc but do no damage.
The orc is severely wounded.
The orc misses you.
You hit the orc but do no damage.
The orc is severely wounded.
You kill the orc!
You miss something.
You hear some strange, mumbled words.
Something tries to affect you, but you resist.
You miss something. Your kick misses something.
Something hits you but does no damage.
You closely miss something. You claw something.
Something hits you but does no damage.
You miss something. Your kick misses something. You peck something.
You barely miss something. You claw something. Your peck misses something.
The orc completely misses you.
You miss something. Your peck misses something. Something hits you.
The orc hits you with a +0 club.
You closely miss something. You peck something. Something hits you.
The orc barely misses you.
You hit the orc but do no damage.
The orc is poisoned.
Your kick misses the orc. You peck the orc.
The orc is lightly wounded.
Something hits you. The orc hits you with a +0 club.
You hit the orc but do no damage. You claw the orc.
You kill the orc!
Something hits you. Something hits you but does no damage.
A magic dart appears from out of thin air!
The magic dart hits you.
* * * LOW HITPOINT WARNING * * *
You hear some strange, mumbled words.
A magic dart appears from out of thin air!
The magic dart hits you.
* * * LOW HITPOINT WARNING * * *
You hit something but do no damage. You peck something.
Something hits you but does no damage.
You closely miss something. Your kick misses something. You peck something.
Something hits you.
You die...

..#######.............
........#.............
........#.............
........#.............
........# #.#
.>..##### #)# ###.#
###.### #.# #..).{#
#.# #.#.#@## #.#
#.#....# #.# # #....#
#.# #.#....#.# #.#
#..†...#.# #.###
######.#.# #...# #.#.#
###.# #.#.# #.# #.#.#


There were no monsters in sight!

Vanquished Creatures
  An ice beast (D:3)
  A hound (D:3)
  An orc wizard (D:3)
  3 adders (D:2)
  A worm (D:2)
  A dart slug (D:1)
  10 orcs (D:3)
  3 bats
  3 endoplasms
  3 giant cockroaches
  6 goblins
  6 hobgoblins
  3 jackals (D:1)
  5 kobolds
  A quokka (D:1)
  5 ball pythons
  3 frilled lizards
  5 rats
61 creatures vanquished.

Vanquished Creatures (others)
  3 fungi (D:1)
3 creatures vanquished.

Grand Total: 64 creatures vanquished

Notes
Turn   | Place    | Note
-------+----------+-------------------------------------------
     0 | D:1      | Glokmah the Tengu Warper began the quest for the Orb.
     0 | D:1      | Reached XP level 1. HP: 12/12 MP: 4/4
   135 | D:1      | Found a faded altar of an unknown god.
   170 | D:1      | Reached XP level 2. HP: 17/17 MP: 6/6
   354 | D:1      | Learned a level 2 spell: Blink
   728 | D:2      | Reached XP level 3. HP: 17/21 MP: 7/7
   801 | D:2      | Reached skill level 3 in Polearms
  1303 | D:2      | Reached XP level 4. HP: 26/26 MP: 8/8
  1969 | D:3      | Learned a level 3 spell: Teleport Other
  1969 | D:3      | Noticed an ice beast
  2356 | D:3      | Killed an ice beast
  2357 | D:3      | Reached skill level 1 in Short Blades
  2357 | D:3      | Gained mutation: Your magical nature lets you fly swiftly
                  | and evasively. [Tengu growth]
  2357 | D:3      | Reached XP level 5. HP: 12/31 MP: 9/9
  2882 | D:3      | Reached XP level 6. HP: 20/36 MP: 7/10
  3058 | D:3      | Reached skill level 4 in Polearms
  3472 | D:3      | HP: 1/36 [something/magic dart (6)]
  3474 | D:3      | Slain by an orc wizard

Illustrated notes

Levels and vault maps discovered:
D:1:      minmay_arrival_statue_studded, layout_basic,
          shapermc_ecumenical_altar_gd
D:2:      layout_loops_ring, minmay_strange_pillars, lightli_corner_chamber
D:3:      layout_basic

Skill      XL: |  1  2  3  4  5  6 |
---------------+-------------------+-----
Polearms       | 3 4 |  4.0
Translocations | 3 |  3.5
Short Blades   | 1 |  1.5
Armour         | 2 |  2.3
Fighting       | |  2.8
Throwing       | |  1.0
Dodging        | |  2.1
Spellcasting   | |  2.5

Action                   |  1- 3 |  4- 6 || total
-------------------------+-------+-------++-------
Melee: Spear             |    42 |       ||    42
       Kick              |    17 |    22 ||    39
       Peck              |    11 |    17 ||    28
       Dagger            |    27 |   107 ||   134
Throw: Dart              |       |    41 ||    41
 Cast: Blink             |       |     1 ||     1
 Stab: Sleeping          |       |     1 ||     1
Armor: Leather armour    |    10 |    24 ||    34
Dodge: Dodged            |    37 |    54 ||    91

Table legend: (Time is in decaauts)
 A = Elapsed time spent in this place.
 B = Non-inter-level travel time spent in this place.
 C = Inter-level travel time spent in this place.
 D = Time resting spent in this place.
 E = Time spent auto-exploring this place.
 F = Levels seen in this place.
 G = Mean time per level.
                   A        B        C        D        E       F      G
               +--------+--------+--------+--------+--------+-----+--------+
         Total |   3415 |   3205 |    210 |    381 |   2294 |   3 | 1138.3 |
       Dungeon |   3415 |   3205 |    210 |    381 |   2294 |   3 | 1138.3 |
               +--------+--------+--------+--------+--------+-----+--------+

Top non-repeatable levels by time:
     D:2: 1500 daAuts
     D:3: 1197 daAuts
     D:1: 718 daAuts
